 Dungeon Crawl Stone Soup version 0.24.1-14-gf8d2b509d9 (console) character file.

Game seed: 17974158585067868813, levelgen mode: deterministic

64 Kagalorn the Covered (level 4, -1/34 HPs)
             Began as a Gnoll Wanderer on Nov 27, 2020.
             Was an Initiate of the Shining One.
             Killed from afar by a white imp (12 damage)
             ... with a puff of frost
             ... summoned by Natasha
             ... on level 4 of the Dungeon.
             The game lasted 00:03:39 (2248 turns).

Kagalorn the Covered (Gnoll Wanderer)               Turns: 2248, Time: 00:03:40

Health: -1/34      AC:  1    Str: 17    XL:     4   Next: 12%
Magic:  15/15      EV: 12    Int: 12    God:    the Shining One [......]
Gold:   178        SH:  0    Dex: 15    Spells: 5/5 levels left

rFire    . . .     SeeInvis .   a - +2 hand axe
rCold    . . .     Gourm    .   (no shield)
rNeg     . . .     Faith    .   d - +0 robe
rPois    .         Spirit   .   r - -2 helmet (curse)
rElec    .         Reflect  .   (no cloak)
rCorr    .         Harm     .   (no gloves)
MR       .....                  (no boots)
Stlth    +.........             (no amulet)
HPRegen  0.11/turn              j - ring of magical power
MPRegen  0.14/turn              c - ring of wizardry

@: glowing
A: distributed training, fangs 1, strong nose
a: Renounce Religion


You were on level 4 of the Dungeon.
You worshipped the Shining One.
The Shining One was noncommittal.
You were not hungry.

You visited 1 branch of the dungeon, and saw 4 of its levels.

You collected 178 gold pieces.

Inventory:

Hand Weapons
 a - a +2 hand axe (weapon)
Missiles
 e - 172 stones (quivered)
 l - 6 javelins
 p - 12 bolts
 z - 11 sling bullets
Armour
 d - a +0 robe (worn)
 r - a cursed -2 helmet (worn)
Jewellery
 c - a ring of wizardry (right hand)
 j - a ring of magical power (left hand)
 m - an uncursed ring of fire {unknown}
Wands
 y - a wand of digging (6)
Scrolls
 i - 2 scrolls of fear {unknown}
 n - 2 scrolls of identify {unknown}
 q - a scroll of enchant weapon {unknown}
 s - a scroll of teleportation {unknown}
 t - a scroll of remove curse {unknown}
 u - a scroll of magic mapping {unknown}
 v - a scroll of enchant armour {unknown}
 w - 2 scrolls of fog {unknown}
Potions
 b - a potion of curing
 g - 2 potions of degeneration {unknown}
 h - a potion of brilliance {unknown}
 k - 2 potions of invisibility {unknown}
 o - 2 potions of agility {unknown}
Comestibles
 f - 6 rations
 x - 2 chunks of flesh


   Skills:
 + Level 2.7 Fighting
 + Level 1.0 Short Blades
 + Level 1.0 Long Blades
 + Level 4.6 Axes
 + Level 1.0 Maces & Flails
 + Level 1.0 Polearms
 + Level 1.0 Staves
 + Level 1.0 Slings
 + Level 1.0 Bows
 + Level 1.0 Crossbows
 + Level 2.7 Throwing
 + Level 4.6 Armour
 + Level 1.0 Dodging
 + Level 1.0 Stealth
 + Level 1.0 Shields
 + Level 1.0 Unarmed Combat
 + Level 1.0 Spellcasting
 + Level 2.2 Conjurations
 + Level 0.7 Hexes
 + Level 0.7 Charms
 + Level 0.7 Summonings
 + Level 0.7 Necromancy
 + Level 0.7 Translocations
 + Level 0.7 Transmutations
 + Level 0.7 Fire Magic
 + Level 3.8 Ice Magic
 + Level 0.7 Air Magic
 + Level 0.7 Earth Magic
 + Level 0.7 Poison Magic
 + Level 1.1 Invocations
 + Level 2.7 Evocations


You had 5 spell levels left.
You didn't know any spells.
Your spell library contained the following spells:

 Spells                   Type           Power        Failure   Level  Hunger
 Throw Frost              Conj/Ice       #.....       5%          2    ###....
 Ensorcelled Hibernation  Hex/Ice        #.....       8%          2    ###....


Dungeon Overview and Level Annotations

Branches:
Dungeon (4/15)
 Temple: D:4-7

Altars:
The Shining One

Annotations:
D:4 Natasha


Innate Abilities, Weirdness & Mutations

Your experience applies equally to all skills.
You have very sharp teeth.
Your uncanny sense of smell can sniff out nearby items.


Message History

You completely miss the white imp. The white imp hits you.
The white imp freezes you. The white imp hits you. The white imp freezes you.
You closely miss the white imp.
Natasha casts a spell.
The white imp shouts, "Quit, thou pandering crook-pated pustule!"
The white imp hits you. The white imp freezes you.
* * * LOW HITPOINT WARNING * * *
You feel better.
Natasha mumbles some strange words.
Natasha shimmers violently.
The white imp gestures at you. The puff of frost hits you!
Okay, then.
Evoke which item? (* to show all) (? for menu, Esc to quit)
Okay, then.
You hit the white imp.
The white imp is lightly wounded.
The white imp gestures at you. The puff of frost hits you!
You die...

###.#.#.#.#####
####.'.._..+......
#....#.#.#.##.....
#.####.....##.....
#.# ###'####.....
#.# #..........
#.# #......(...
#.# #.......<..
#@# #..........
#5# #......#...
#5# .....#......
#h# ......#......
#5# #......######
... #. .. ### #.


You could see an iron imp, Natasha, a white imp and a shadow imp.

Vanquished Creatures
  An adder (D:2)
  2 worms (D:2)
  A dart slug (D:2)
  A leopard gecko (D:1)
  An orc (D:3)
  3 ball pythons
  5 bats
  5 giant cockroaches
  3 goblins
  3 hobgoblins
  8 kobolds
  3 quokkas
  A frilled lizard (D:2)
  4 rats
41 creatures vanquished.

Notes
Turn   | Place    | Note
-------+----------+-------------------------------------------
     0 | D:1      | Kagalorn the Gnoll Wanderer began the quest for the Orb.
     0 | D:1      | Kagalorn set off with the following items: a +2 hand axe, a
                  | potion of curing, a +0 robe, a ration; and the following
                  | spells available to memorise: Throw Frost, Ensorcelled
                  | Hibernation
     0 | D:1      | Reached XP level 1. HP: 17/17 MP: 2/2
   113 | D:1      | Reached XP level 2. HP: 23/23 MP: 3/3
   732 | D:2      | Reached XP level 3. HP: 9/28 MP: 4/4
  1408 | D:2      | Reached skill level 1 in Invocations
  1855 | D:3      | Reached skill level 1 in Short Blades
  1855 | D:3      | Reached skill level 1 in Long Blades
  1855 | D:3      | Reached skill level 1 in Maces & Flails
  1855 | D:3      | Reached skill level 1 in Polearms
  1855 | D:3      | Reached skill level 1 in Staves
  1855 | D:3      | Reached skill level 1 in Slings
  1855 | D:3      | Reached skill level 1 in Bows
  1855 | D:3      | Reached skill level 1 in Crossbows
  1855 | D:3      | Reached skill level 1 in Dodging
  1855 | D:3      | Reached skill level 1 in Stealth
  1855 | D:3      | Reached skill level 1 in Shields
  1855 | D:3      | Reached skill level 1 in Unarmed Combat
  1855 | D:3      | Reached skill level 1 in Spellcasting
  1994 | D:3      | Reached XP level 4. HP: 34/34 MP: 6/6
  2215 | D:4      | Found a glowing golden altar of the Shining One.
  2220 | D:4      | Became a worshipper of the Shining One
  2240 | D:4      | Noticed Natasha
  2248 | D:4      | Killed from afar by a white imp

Levels and vault maps discovered:
D:1:      minmay_arrival_stair_chambers, layout_basic
D:2:      layout_basic
D:3:      layout_rooms, chequers_serial_rivers_micro_d
D:4:      layout_basic, kennysheep_little_box, minmay_temple_entry_purple_smoke,
          lightli_ossuary_entry_decrepit_ruins, first_ration, glass_columns_a,
          uniq_duvessa, uniq_pikel, uniq_natasha

Skill      XL: |  1  2  3 |
---------------+----------+-----
Conjurations   | 2 |  2.2
Invocations    | 1 |  1.1
Short Blades   | 1 |  1.0
Long Blades    | 1 |  1.0
Maces & Flails | 1 |  1.0
Polearms       | 1 |  1.0
Staves         | 1 |  1.0
Slings         | 1 |  1.0
Bows           | 1 |  1.0
Crossbows      | 1 |  1.0
Dodging        | 1 |  1.0
Stealth        | 1 |  1.0
Shields        | 1 |  1.0
Unarmed Combat | 1 |  1.0
Spellcasting   | 1 |  1.0
Fighting       | |  2.7
Axes           | |  4.6
Throwing       | |  2.7
Armour         | |  4.6
Hexes          | |  0.7
Charms         | |  0.7
Summonings     | |  0.7
Necromancy     | |  0.7
Translocations | |  0.7
Transmutations | |  0.7
Fire Magic     | |  0.7
Ice Magic      | |  3.8
Air Magic      | |  0.7
Earth Magic    | |  0.7
Poison Magic   | |  0.7
Evocations     | |  2.7

Action                   |  1- 3 |  4- 6 || total
-------------------------+-------+-------++-------
Melee: Hand axe          |   100 |    13 ||   113
       Bite              |     5 |     1 ||     6
       Punch             |     2 |       ||     2
  Use: Potion            |       |     1 ||     1
 Stab: Sleeping          |     2 |       ||     2
  Eat: Chunk             |     3 |     1 ||     4
Armor: Robe              |    16 |     2 ||    18
Dodge: Dodged            |    55 |     6 ||    61
